 Dungeon Crawl Stone Soup version 0.28-a0-245-g639a1a48b9 (webtiles) character file.

Game seed: 14808062059911422380

289 Colgate the Chopper (level 6, -2/47 HPs)
             Began as a Demonspawn Berserker on Aug 25, 2021.
             Was a Believer of Trog.
             Slain by an orc (8 damage)
             ... on level 3 of the Dungeon.
             The game lasted 00:06:17 (3194 turns).

Colgate the Chopper (Demonspawn Berserker)          Turns: 3194, Time: 00:06:18

Health: -2/47      AC:  7    Str: 20    XL:     6   Next: 9%
Magic:  6/6        EV: 11    Int: 10    God:    Trog [**....]
Gold:   99         SH:  0    Dex: 12    Spells: 5/5 levels left

rFire   . . .      SeeInvis .   Y - +0 hand axe
rCold   . . .      Faith    .   (no shield)
rNeg    . . .      Spirit   .   g - +0 ring mail
rPois   .          Reflect  .   (helmet restricted)
rElec   .          Harm     .   (no cloak)
rCorr   .          Rampage  .   (no gloves)
Will    .....                   (no boots)
Stlth   +.........              (no amulet)
HPRegen 0.15/turn               (no ring)
MPRegen 0.10/turn               (no ring)

@: lethally poisoned (-2 -> -15), very slow
A: antennae 2, yellow scales 1, clever 1, screaming 1, sturdy frame 1
a: Renounce Religion, Berserk, Trog's Hand


You were on level 3 of the Dungeon.
You worshipped Trog.
Trog was pleased with you.
You visited 1 branch of the dungeon, and saw 3 of its levels.

You collected 99 gold pieces.


Innate Abilities, Weirdness & Mutations

You have a pair of antennae on your head.
You are partially covered in yellow scales. (AC +2)
Your mind is acute. (Int +2)
You occasionally shout uncontrollably at your foes.
Your movements are slightly less encumbered by armour. (ER -2)


   Skills:
 + Level 3.5 Fighting
 - Level 6.0 Axes
 - Level 1.7 Armour
 - Level 1.7 Dodging


You had 5 spell levels left.
You didn't know any spells.
Your spell library was empty.

Inventory:

Hand Weapons
 a - a +0 flail
 Y - a +0 hand axe (weapon)
Armour
 g - a +0 ring mail (worn)
Potions
 b - a potion of resistance {unknown}
 c - a potion of magic {unknown}
 d - a potion of invisibility {unknown}
 e - a potion of lignification {unknown}
 f - a potion of haste {unknown}
 h - a potion of attraction {unknown}
 j - a potion of mutation

Dungeon Overview and Level Annotations

Branches:
Dungeon (3/15)

Altars:
Kikubaaqudgha


Message History

You hit something. Something hits you but does no damage.
You are poisoned.
The orc hits you with a +2 vorpal war axe.
You feel very sick.
You hear some strange, mumbled words.
Something tries to affect you, but you resist.
You feel sick.
You hear some strange, mumbled words.
You are confused.
You feel sick.
You feel sick. The orc closely misses you.
You feel sick. The orc barely misses you.
The orc hits you with a +2 vorpal war axe.
Something hits you.
You're too confused to move!
You feel sick. The orc barely misses you. The orc misses you.
The orc hits you with a +2 vorpal war axe.
You hear some strange, mumbled words.
Something tries to affect you, but you resist.
You feel sick.
You enter the shallow water.
Moving in this stuff is going to be slow.
You feel less confused.
You feel sick.
You are no longer poisoned.
The orc hits you but does no damage. The orc closely misses you.
3193 ||| Stepping ~*~*~tactically~*~*~ (water).
Your unstable footing causes you to fumble your attack.
The orc closely misses you. The orc hits you but does no damage.
Something hits you but does no damage.
You are poisoned.
The orc hits you with a +2 vorpal war axe.
3194 ||| Stepping ~*~*~tactically~*~*~ (water).
Your unstable footing causes you to fumble your attack.
You feel sick. The orc misses you. The orc completely misses you.
Something hits you.
You are more poisoned.
The orc hits you with a +2 vorpal war axe!
You die...

# #.###++### #.#~~..~~#
#.#~....~### #####
#.'...8..'.# #....
#.'..8)..'.# #....
#>....#~..oo~#.# #...)
#.... #~~.o@~#.# #....
#..# ###'{###.# #.... #.
#...##.# #..._ #
#####......##########...
.........................
#########%)#######.###...
##.# #.# #... #.## #.#
#### #.%######.#


You could see 3 orcs.

Vanquished Creatures
  Sigmund (D:2)
  2 adders
  3 gnolls (D:2)
  5 worms (D:2)
  6 dart slugs
  An orc (D:3)
  2 ball pythons
  4 endoplasms
  2 giant cockroaches
  6 goblins
  A hobgoblin (D:3)
  6 kobolds
  4 quokkas
  4 bats
  6 frilled lizards
  8 rats
61 creatures vanquished.

Notes
Turn   | Place    | Note
-------+----------+-------------------------------------------
     0 | D:1      | Colgate the Demonspawn Berserker began the quest for the
                  | Orb.
     0 | D:1      | Reached XP level 1. HP: 18/18 MP: 1/1
     0 | D:1      | 0 ||| counter = 90
    98 | D:1      | Reached skill level 3 in Axes
   166 | D:1      | Gained mutation: You are partially covered in yellow
                  | scales. (AC +2) [demonic ancestry]
   166 | D:1      | Reached XP level 2. HP: 17/24 MP: 2/2
   448 | D:1      | 448 ||| DROPPING +0 club.
   875 | D:1      | 875 ||| UPGRADING to +0 ring mail.
   885 | D:1      | 885 ||| DROPPING +0 animal skin.
   886 | D:1      | 886 ||| READING scroll labelled DUAL RATSIYZ.
   887 | D:1      | 887 ||| READING scroll labelled RUTWYR MU IWNOT.
   892 | D:1      | 892 ||| READING scroll labelled IMIHIOGUER.
   893 | D:1      | 893 ||| READING scroll labelled FEANIS QUCH.
   894 | D:1      | 894 ||| DRINKING 2 blue potions.
   894 | D:1      | Gained mutation: Your movements are slightly less
                  | encumbered by armour. (ER -2) [potion of mutation]
   894 | D:1      | Gained mutation: You occasionally shout uncontrollably at
                  | your foes. [potion of mutation]
   894 | D:1      | Gained mutation: Your mind is acute. (Int +2) [potion of
                  | mutation]
   909 | D:2      | 909 ||| STAIRDANCE
   925 | D:1      | 925 ||| INVOKING Berserk.
   932 | D:1      | Reached skill level 4 in Axes
   932 | D:1      | Reached XP level 3. HP: 11/29 MP: 3/3
   934 | D:1      | HP: 10/43 [poisoned by an adder]
  1212 | D:2      | 1212 ||| INVOKING Berserk.
  1246 | D:2      | 1246 ||| INVOKING Berserk.
  1472 | D:2      | 1472 ||| DROPPING +0 whip.
  1488 | D:2      | 1488 ||| INVOKING Berserk.
  1493 | D:2      | Gained mutation: You have a pair of small antennae on your
                  | head. [demonic ancestry]
  1493 | D:2      | Reached XP level 4. HP: 35/35 MP: 4/4
  1596 | D:2      | 1596 ||| STAIRDANCE
  1677 | D:2      | 1677 ||| INVOKING Berserk.
  1683 | D:2      | 1683 ||| STAIRDANCE
  1949 | D:2      | Noticed Sigmund
  1952 | D:2      | 1952 ||| INVOKING Berserk.
  1959 | D:2      | Killed Sigmund
  1960 | D:2      | Reached skill level 6 in Axes
  1960 | D:2      | Reached XP level 5. HP: 41/41 MP: 5/5
  2188 | D:2      | 2188 ||| STAIRDANCE
  2405 | D:2      | Reached ** piety under Trog
  2443 | D:2      | Found a faded altar of an unknown god.
  2629 | D:2      | Gained mutation: You have a pair of antennae on your head.
                  | [demonic ancestry]
  2629 | D:2      | Reached XP level 6. HP: 42/47 MP: 6/6
  3061 | D:3      | Found an ancient bone altar of Kikubaaqudgha.
  3183 | D:3      | 3183 ||| Stepping ~*~*~tactically~*~*~ (water).
  3193 | D:3      | 3193 ||| Stepping ~*~*~tactically~*~*~ (water).
  3193 | D:3      | HP: 9/47 [orc (4)]
  3194 | D:3      | 3194 ||| Stepping ~*~*~tactically~*~*~ (water).
  3194 | D:3      | Slain by an orc

Levels and vault maps discovered:
D:1:      lightli_arrival_isolated_outpost, layout_basic,
          minmay_misc_feat_enclosed
D:2:      layout_rooms, shapermc_ecumenical_altar_petra, uniq_sigmund
D:3:      layout_basic, overflow_temple_1_default, st_stairs_3,
          kennysheep_generic_room_12

Skill      XL: |  1  2  3  4 |
---------------+-------------+-----
Axes           | 3 4 6 |  6.0
Fighting       | |  3.5
Armour         | |  1.7
Dodging        | |  1.7

Action                   |  1- 3 |  4- 6 || total
-------------------------+-------+-------++-------
Melee: Hand axe          |    88 |   165 ||   253
Invok: Berserk           |     4 |     2 ||     6
  Use: Scroll            |     4 |       ||     4
       Potion            |     1 |       ||     1
Armor: Ring mail         |    16 |    59 ||    75
       Animal skin       |     5 |       ||     5
Dodge: Dodged            |    49 |    82 ||   131

Table legend:
 A = Non-vault XP
 B = Vault XP
 C = Vault XP percentage of total XP
 D = Non-vault monster count
 E = Vault monster count
 F = Vault count percentage of total count
                 A         B        C        D         E       F
            +---------+---------+-------+---------+---------+-------
      Total |     184 |     230 |  55.6 |      58 |       3 |   4.9
            +---------+---------+-------+---------+---------+-------
        D:1 |      53 |       0 |   0.0 |      21 |       0 |   0.0
        D:2 |     115 |     227 |  66.4 |      29 |       1 |   3.3
        D:3 |      16 |       3 |  15.8 |       8 |       2 |  20.0
            +---------+---------+-------+---------+---------+-------
